 Dungeon Crawl Stone Soup version 0.30-a0-476-g330ca2eb8e (webtiles) character file.

Game seed: 5703388493841380145

7 drugrobin the Sneak (level 1, 0/18 HPs)
             Began as a Demigod Delver on Dec 21, 2022.
             Succumbed to an adder's poison
             ... on level 4 of the Dungeon.
             The game lasted 00:02:25 (333 turns).

drugrobin the Sneak (Demigod Delver)                 Turns: 333, Time: 00:02:26

Health: 0/18       AC:  3    Str: 13    XL:     1   Next: 73%
Magic:  3/3        EV: 11    Int: 12    God:
Gold:   0          SH:  0    Dex: 15    Spells: 0/0 levels left

rFire   . . .      SeeInvis .    a - +0 spear
rCold   . . .      Faith    .    (no shield)
rNeg    . . .      Spirit   .    b - +0 leather armour
rPois   .          Reflect  .    (no helmet)
rElec   .          Harm     .    (no cloak)
rCorr   .          Rampage  .    (no gloves)
Will    .....                    (no boots)
Stlth   +++.......               (no amulet)
HPRegen 0.23/turn                (no ring)
MPRegen 0.08/turn                (no ring)

@: lethally poisoned (0 -> -9)
A: high MP 1, forlorn, divine attributes
a: no special abilities


You were on level 4 of the Dungeon.
You visited 1 branch of the dungeon, and saw 2 of its levels.

Inventory:

Hand Weapons
 a - a +0 spear (weapon)
Missiles
 j - 5 stones (quivered)
Armour
 b - a +0 leather armour (worn)
 k - a +0 plate armour
Wands
 g - a wand of digging (3)
 l - a wand of iceblast (9)
Scrolls
 c - a scroll of fog
 d - a scroll of magic mapping
 e - a scroll of fear
 h - a scroll of immolation {unknown}
 i - a scroll of silence {unknown}
Potions
 f - a potion of haste


   Skills:
 - Level 2.6 Fighting
 + Level 2.4 Polearms
 - Level 1.7 Dodging
 - Level 4.5 Stealth


You couldn't memorise any spells.
You didn't know any spells.
Your spell library was empty.

Dungeon Overview and Level Annotations

Branches:
Dungeon (5/15)
 Temple: D:4-7


Innate Abilities, Weirdness & Mutations

You have an increased reservoir of magic. (+10% MP)
You shall have no god before yourself.
Your divine heritage dramatically boosts your attributes as you level up.


Message History

The adder is heavily wounded.
The adder closely misses you.
Unknown command.
Unknown command.
Unknown command.
Unknown command.
You barely miss the adder.
The adder is heavily wounded.
The adder closely misses you.
Unknown command.
Unknown command.
Unknown command.
You hit the adder.
The adder is severely wounded.
The adder barely misses you.
Unknown command.
Unknown command.
You closely miss the adder.
The adder is severely wounded.
The adder bites you.
You are poisoned.
The adder poisons you! The adder barely misses you.
Unknown command.
Unknown command.
Unknown command.
You hit the adder.
The adder is almost dead.
You feel sick.
The quokka twitches its whiskers.
The adder bites you.
* * * LOW HITPOINT WARNING * * *
You are more poisoned.
The adder poisons you!
Unknown command.
Unknown command.
Unknown command.
Unknown command.
You miss the adder.
The adder is almost dead.
You die...

.. #......... ##.##
#.......## ......
#.......#.
..rS$.######
#.......†.
!.....'....#
##.........
#.######........##
#r#....#..#...###
#S#.####..#.......
#@#.........######
#.#.........#
####.#......##.#
#...........##.######
+...............##....
#...........>#).# #...
#####....##.....# #...
#....###.##.###...
#....# #........##


You could see an adder and a quokka.

Vanquished Creatures
  An endoplasm (D:4)
  2 giant cockroaches (D:4)
  2 jackals (D:4)
  A kobold (D:4)
6 creatures vanquished.

Notes
Turn   | Place    | Note
-------+----------+-------------------------------------------
     0 | D:5      | drugrobin the Demigod Delver began the quest for the Orb.
     0 | D:5      | Reached XP level 1. HP: 18/18 MP: 3/3
   192 | D:5      | Noticed an iguana
   333 | D:4      | Succumbed to an adder's poison

Illustrated notes

Levels and vault maps discovered:
D:4:      layout_basic, gup_sewer_entry_pipe
D:5:      minmay_bubble_buster, layout_layer_cave,
          nicolae_ru_the_path_less_chosen, minmay_quadrilaterals

Skill      XL: |  1 |
---------------+----+-----
Polearms       | 2 |  2.4
Fighting       | |  2.6
Dodging        | |  1.7
Stealth        | |  4.5

Action                   || total
-------------------------++-------
Melee: Spear             ||    38
Throw: Stone             ||     1
Armor: Leather armour    ||     9
Dodge: Dodged            ||    15

Table legend: (Time is in decaauts)
 A = Elapsed time spent in this place.
 B = Non-inter-level travel time spent in this place.
 C = Inter-level travel time spent in this place.
 D = Time resting spent in this place.
 E = Time spent auto-exploring this place.
 F = Levels seen in this place.
 G = Mean time per level.
                   A        B        C        D        E       F      G
               +--------+--------+--------+--------+--------+-----+--------+
         Total |    332 |    332 |      0 |      0 |     58 |   2 |  166.0 |
       Dungeon |    332 |    332 |      0 |      0 |     58 |   2 |  166.0 |
               +--------+--------+--------+--------+--------+-----+--------+

Top non-repeatable levels by time:
     D:5: 220 daAuts
     D:4: 112 daAuts
